stoopid, neutral female gnomish Tourist ----------- |.......(.|# ------------- -------- ##..........|# ##-...........| |......| # |...<.....|# ---------- # |...........| |......| ### --------.--# ##.........|#########i@..........| #.......| # # # # |....^..)-# # |............#####-.------ # ##########`######.........| ### |...........| # # # # ## ## --------.- # |)).........| # # ###-----.----#### # ### ------------- # ------# # |........|# # # # # |.....#### |........|# ### # # ### |....| # |.........# # ## # # |..>.+## |........| ### ------.-# ## |....| ---------- # |......|# ---.---- |....-#########################....{..-# |.....{| ------ |.....|| |......| -------- |......| -------- stoopid the Rambler Experience level: 2 Strength: 13 Dexterity: 10 Constitution: 14 Intelligence: 14 Wisdom: 9 Charisma: 17 Health: 0(13) Energy: 6(6) Def: 6 Gold: 777 Moves: 2200 Dungeon seed: oNAIFw87lDLlaD0H Game ID: stoopid_1512123231 Your Inventory: Coins $ - 777 gold pieces Weapons a - 28 uncursed +2 darts (in quiver) v - an uncursed +0 orcish dagger (weapon in hand) E - an uncursed +0 dagger Armor e - an uncursed +0 Hawaiian shirt (being worn) r - an uncursed +0 orcish helm (being worn) N - an uncursed +0 chain mail (being worn) Comestibles c - 3 uncursed slime molds d - an uncursed tin of lichen f - 2 uncursed tripe rations g - 4 uncursed food rations Scrolls j - 3 uncursed scrolls of magic mapping q - a blessed scroll of light w - an uncursed scroll of enchant armor A - an uncursed scroll of enchant weapon B - an uncursed scroll of light F - an uncursed scroll of identify Potions i - 2 blessed potions of extra healing s - an uncursed potion of gain energy Rings x - an uncursed ring of teleport control D - an uncursed ring of fire immunity Tools k - an uncursed credit card l - an uncursed expensive camera (0:39) m - an uncursed leash n - an uncursed magic marker (0:0) o - an uncursed tin opener p - an uncursed towel Gems y - an uncursed worthless piece of green glass z - an uncursed amethyst stone Spells and supernatural/magical abilities: Spells marked with '*' are forgotten. Spells marked with '!' are maintained. Spells marked with '#' are aliased with 'castalias'. Name Level Category Fail Memory A - create familiar 3 clerical 100% 97% W - pray for help -- divine ? -- Your skills at the end: Fighting Skills wands [Basic] Weapon Skills dart [Basic] Spellcasting Skills Final Attributes: You had infravision. You are dead. Vanquished creatures: 2 hobbits 2 giant rats a green mold a gecko 4 jackals a fox a kobold 5 goblins 4 sewer rats 4 grid bugs 4 newts 29 creatures vanquished. Voluntary challenges: You used a wielded weapon 5 times, starting on turn 1164. You read items or engraved 9 times, starting on turn 262. You never genocided any monsters. You never polymorphed an object. You never changed form. You used no wishes. You never split a pudding. You never wrote Elbereth's name. You never violated your personal moral code. Dungeon overview: The Dungeons of Doom: levels 1 to 4 Level 1 a long staircase Level 2 an altar to Offler stairs to The Gnomish Mines Level 3 Level 4 <- You were here some fountains The Gnomish Mines: Level 3 stairs to The Dungeons of Doom History has recorded: On T:1 you entered the Dungeons of Doom to retrieve the Amulet of Yendor! On T:427 you reached level 2 of The Dungeons of Doom. On T:1137 you reached level 1 of The Gnomish Mines. On T:1220 you reached level 3 of The Dungeons of Doom. On T:1543 you advanced to experience level 2. On T:1587 you reached level 4 of The Dungeons of Doom. Score breakdown: Gold: 739 ( 9760 points) Experience: 2 levels ( 5570 points) Exploration: 4 levels ( 8.00%) ( 7423 points) Discoveries: 1 item ( 0.33%) ( 1726 points) Valuables value: (no points given unless you survive) Artifact value: 0 ( 0 points) Variety of kills: 11 monsters ( 2.89%) ( 5104 points) Turncount: 2200 turns ( -141 points) Survival: died (score multiplied by 80%) Total score: 23553 Latest messages: $ - 111 gold pieces. You see here a food ration. (2x) g - an uncursed food ration. Nowhere else around here can be automatically explored. Where do you want to travel to? You hear the splashing of a naiad. You stop travelling. The dart misses the homunculus. The dart hits the homunculus! The homunculus bites! You are put to sleep! The homunculus bites! (2x) The combat suddenly awakens you. The dart hits the homunculus! The homunculus bites! You are put to sleep! The homunculus bites! (5x) You die... Final status: Aloha stoopid the Tourist, killed by a homunculus, while sleeping... You died in The Dungeons of Doom on dungeon level 4 with 23553 points, and 777 pieces of gold, after 2200 moves. You were level 2 with a maximum of 13 hit points when you died.